 Dungeon Crawl Stone Soup version 0.30-a0-476-g330ca2eb8e (webtiles) character file.

Game seed: 4089045191031785456

541 greenreed the Shield-Bearer (level 7, -6/60 HPs)
             Began as a Gnoll Fighter on Dec 21, 2022.
             Mangled by Grum
             ... wielding a -1 glaive
              (28 damage)
             ... on level 5 of the Dungeon.
             The game lasted 00:04:52 (2284 turns).

greenreed the Shield-Bearer (Gnoll Fighter)         Turns: 2284, Time: 00:04:52

Health: -6/60      AC: 13    Str: 18    XL:     7   Next: 26%
Magic:  10/10      EV: 10    Int:  7    God:
Gold:   219        SH:  5    Dex: 11    Spells: 11/11 levels left

rFire   . . .      SeeInvis .    a - +0 flail
rCold   . . .      Faith    .    c - +0 buckler
rNeg    . . .      Spirit   .    b - +0 scale mail
rPois   .          Reflect  .    e - +0 helmet
rElec   .          Harm     .    (no cloak)
rCorr   .          Rampage  .    (no gloves)
Will    .....                    (no boots)
Stlth   +.........               f - amulet of magic regeneration
HPRegen 0.30/turn                l - +4 ring of protection
MPRegen 0.52/turn                (no ring)

@: no status effects
A: fangs 1, strong nose, distributed training
a: no special abilities


You were on level 5 of the Dungeon.
You visited 1 branch of the dungeon, and saw 4 of its levels.

You collected 219 gold pieces.

Inventory:

Hand Weapons
 a - a +0 flail (weapon)
Armour
 b - a +0 scale mail (worn)
 c - a +0 buckler (worn)
 e - a +0 helmet (worn)
Jewellery
 f - an amulet of magic regeneration (around neck)
 l - a +4 ring of protection (left hand)
Wands
 s - a wand of light (11)
Scrolls
 i - 2 scrolls of identify {unknown}
 o - a scroll of enchant armour {unknown}
 p - a scroll of vulnerability {unknown}
 t - a scroll of teleportation {unknown}
Potions
 d - a potion of might
 g - 2 potions of curing {unknown}
 h - a potion of resistance {unknown}
 j - a potion of brilliance {unknown}
 k - a potion of cancellation {unknown}
 m - 2 potions of degeneration {unknown}
 n - 2 potions of lignification {unknown}
 q - a potion of ambrosia {unknown}
 r - a potion of mutation {unknown}


   Skills:
 + Level 7.0 Fighting
 + Level 2.5 Short Blades
 + Level 2.5 Long Blades
 + Level 2.5 Axes
 + Level 5.2 Maces & Flails
 + Level 2.5 Polearms
 + Level 2.5 Staves
 + Level 2.5 Ranged Weapons
 + Level 2.5 Throwing
 + Level 7.0 Armour
 + Level 2.5 Dodging
 + Level 2.5 Stealth
 + Level 7.0 Shields
 + Level 2.5 Unarmed Combat
 + Level 2.5 Spellcasting
 + Level 2.0 Conjurations
 + Level 2.0 Hexes
 + Level 2.0 Summonings
 + Level 2.0 Necromancy
 + Level 2.0 Translocations
 + Level 2.0 Transmutations
 + Level 2.0 Fire Magic
 + Level 2.0 Ice Magic
 + Level 2.0 Air Magic
 + Level 2.0 Earth Magic
 + Level 2.0 Poison Magic
 + Level 2.7 Invocations
 + Level 2.5 Evocations


You had 11 spell levels left.
You didn't know any spells.
Your spell library contained the following spells:

 Spells                   Type           Power      Damage    Failure   Level
 Ignite Poison            Fire/Tmut/Pois 3%         N/A       86%         3
 Inner Flame              Hex/Fire       3%         N/A       86%         3
 Kindle Blastsparks       Fire/Tloc/Air  6%         2d10      86%         3
 Cause Fear               Hex            1%         N/A       99%         4
 Freezing Cloud           Conj/Ice/Air   1%         6-21      100%        5
 Discord                  Hex            1%         N/A       100%        8


Dungeon Overview and Level Annotations

Branches:
Dungeon (5/15)
 Temple: D:4-7

Altars:

Annotations:
D:5 Grum


Innate Abilities, Weirdness & Mutations

You have very sharp teeth.
Your uncanny sense of smell can sniff out nearby items.
Your experience applies equally to all skills.


Message History

You barely miss the hound. The hound bites you.
You sock the hound!
The hound is severely wounded.
You block the hound's attack. The hound bites you.
You hit the hound.
The hound is severely wounded.
The hound barely misses you. The hound bites you but does no damage.
You sock the hound!
You kill the hound!
No target in view!
You see here a hound corpse.
Found a robe.
Found a stone staircase leading down.
You open the large door.
Grum the Hunter comes into view.
He is wielding a -1 glaive and carrying a wand of light (9).
Aiming: Bolt of Light
Press: ? - help, Shift-Dir - straight line, f - Grum
Aim: Grum, wielding a -1 glaive, wearing a +0 animal skin and carrying a wand of light (9) (75% to hit)
The bolt of light hits Grum!
Grum is moderately wounded.
Grum is blinded.
Grum barely misses you.
There is a large open door here.
Grum hits you with a -1 glaive.
You catch the helpless Grum completely off-guard!
You hit Grum.
Grum is moderately wounded.
You block Grum's attack.
You sock Grum!
Grum is heavily wounded.
Grum drinks a potion.
Grum goes berserk!
Grum closely misses you.
You barely miss Grum.
Grum is heavily wounded.
Grum closely misses you. Grum hits you with a -1 glaive!
You hit Grum.
Grum is severely wounded.
Grum hits you with a -1 glaive!!
You are too injured to fight recklessly!
Unknown command.
You close the large door.
Grum hits you with a -1 glaive!!
You die...

#...#####†.......≈≈≈≈≈≈≈≈..
#..##...'.....##.......#
#..##...'†....#........#
#..##...'.....##.#####....#
#...#####.....##.# ....
#....###......##.# .>
#.............##.#
#.......#++#..##.#
#......##.@##.##.#
#......##g.##....#
#.......####..#.##
#........##.....#
#..............##
#....[..######## #########


You could see Grum (berserk, blind).

Vanquished Creatures
  Sigmund (D:2)
  8 hounds (D:5)
  Jessica (D:2)
  Ijyb (D:3)
  3 adders (D:3)
  A gnoll (D:1)
  A worm (D:3)
  2 dart slugs
  2 endoplasms (D:1)
  2 giant cockroaches
  5 goblins
  4 hobgoblins
  2 quokkas
  15 ball pythons
  A bat (D:1)
  6 kobolds
  3 rats
58 creatures vanquished.

Notes
Turn   | Place    | Note
-------+----------+-------------------------------------------
     0 | D:1      | greenreed the Gnoll Fighter began the quest for the Orb.
     0 | D:1      | Reached XP level 1. HP: 23/23 MP: 1/1
    35 | D:1      | Reached XP level 2. HP: 14/29 MP: 2/2
   412 | D:1      | Reached XP level 3. HP: 34/35 MP: 3/3
   643 | D:1      | Reached skill level 1 in Invocations
   750 | D:2      | Noticed Sigmund
   914 | D:2      | Killed Sigmund
   915 | D:2      | Reached skill level 1 in Short Blades
   915 | D:2      | Reached skill level 1 in Long Blades
   915 | D:2      | Reached skill level 1 in Axes
   915 | D:2      | Reached skill level 1 in Polearms
   915 | D:2      | Reached skill level 1 in Staves
   915 | D:2      | Reached skill level 1 in Ranged Weapons
   915 | D:2      | Reached skill level 1 in Throwing
   915 | D:2      | Reached skill level 1 in Dodging
   915 | D:2      | Reached skill level 1 in Stealth
   915 | D:2      | Reached skill level 1 in Unarmed Combat
   915 | D:2      | Reached skill level 1 in Spellcasting
   915 | D:2      | Reached skill level 1 in Conjurations
   915 | D:2      | Reached skill level 1 in Hexes
   915 | D:2      | Reached skill level 1 in Summonings
   915 | D:2      | Reached skill level 1 in Necromancy
   915 | D:2      | Reached skill level 1 in Translocations
   915 | D:2      | Reached skill level 1 in Transmutations
   915 | D:2      | Reached skill level 1 in Fire Magic
   915 | D:2      | Reached skill level 1 in Ice Magic
   915 | D:2      | Reached skill level 1 in Air Magic
   915 | D:2      | Reached skill level 1 in Earth Magic
   915 | D:2      | Reached skill level 1 in Poison Magic
   915 | D:2      | Reached skill level 1 in Evocations
   915 | D:2      | Reached XP level 4. HP: 37/41 MP: 4/6
   915 | D:2      | Reached XP level 5. HP: 43/47 MP: 4/7
  1281 | D:2      | Noticed Jessica
  1287 | D:2      | Killed Jessica
  1288 | D:2      | Reached XP level 6. HP: 46/53 MP: 8/8
  1352 | D:2      | Found a faded altar of an unknown god.
  1730 | D:3      | Reached skill level 5 in Maces & Flails
  1841 | D:3      | Noticed Ijyb
  1857 | D:3      | Killed Ijyb
  2056 | D:3      | You fall into a shaft and drop 2 floors!
  2056 | D:5      | Entered Level 5 of the Dungeon
  2151 | D:5      | Reached XP level 7. HP: 54/60 MP: 10/10
  2276 | D:5      | Noticed Grum
  2284 | D:5      | Mangled by Grum

Illustrated notes

Levels and vault maps discovered:
D:1:      roderic_dead_forest, layout_basic, serial_bayou_lagoon_a
D:2:      layout_basic, ebering_ecumenical_altar_abandoned,
          minmay_large_rounded_square, chequers_serial_rivers_micro_b,
          st_stairs_12, minmay_misc_feat_four_crosses,
          kennysheep_generic_room_9, uniq_jessica, uniq_sigmund
D:3:      layout_basic, uniq_terence, uniq_ijyb
D:5:      layout_cave_pools, nicolae_overflow_squiral, serial_gnoll_camp,
          gnoll_camp_mini_doghouse, gnoll_camp_huts_basic,
          gnoll_camp_mini_loothouse, gnoll_camp_mini_shop, grums_kennel,
          gnoll_camp_mini_basic, roderic_roman_lattice, grunt_tough_drop,
          uniq_prince_ribbit1, uniq_crazy_yiuf_cottage, uniq_menkaure

Skill      XL: |  1  2  3  4  5  6  7 |
---------------+----------------------+-----
Invocations    | 1 2 |  2.7
Short Blades   | 1 2 |  2.5
Long Blades    | 1 2 |  2.5
Axes           | 1 2 |  2.5
Polearms       | 1 2 |  2.5
Staves         | 1 2 |  2.5
Ranged Weapons | 1 2 |  2.5
Throwing       | 1 2 |  2.5
Dodging        | 1 2 |  2.5
Stealth        | 1 2 |  2.5
Unarmed Combat | 1 2 |  2.5
Spellcasting   | 1 2 |  2.5
Conjurations   | 1 2 |  2.0
Hexes          | 1 2 |  2.0
Summonings     | 1 2 |  2.0
Necromancy     | 1 2 |  2.0
Translocations | 1 2 |  2.0
Transmutations | 1 2 |  2.0
Fire Magic     | 1 2 |  2.0
Ice Magic      | 1 2 |  2.0
Air Magic      | 1 2 |  2.0
Earth Magic    | 1 2 |  2.0
Poison Magic   | 1 2 |  2.0
Evocations     | 1 2 |  2.5
Maces & Flails | 5 |  5.2
Fighting       | 7 |  7.0
Armour         | 7 |  7.0
Shields        | 7 |  7.0

Action                   |  1- 3 |  4- 6 |  7- 9 || total
-------------------------+-------+-------+-------++-------
Melee: Flail             |    69 |   138 |    24 ||   231
       Bite              |     4 |    13 |     2 ||    19
Evoke: Wand              |       |       |     1 ||     1
 Stab: Invisible         |       |       |     1 ||     1
Armor: Scale mail        |    22 |    77 |    14 ||   113
Dodge: Dodged            |    34 |    70 |    16 ||   120
Block: Buckler           |    18 |    39 |     4 ||    61

Table legend: (Time is in decaauts)
 A = Elapsed time spent in this place.
 B = Non-inter-level travel time spent in this place.
 C = Inter-level travel time spent in this place.
 D = Time resting spent in this place.
 E = Time spent auto-exploring this place.
 F = Levels seen in this place.
 G = Mean time per level.
                   A        B        C        D        E       F      G
               +--------+--------+--------+--------+--------+-----+--------+
         Total |   2336 |   2285 |     51 |     80 |   1663 |   4 |  584.0 |
       Dungeon |   2336 |   2285 |     51 |     80 |   1663 |   4 |  584.0 |
               +--------+--------+--------+--------+--------+-----+--------+

Top non-repeatable levels by time:
     D:1: 886 daAuts
     D:2: 736 daAuts
     D:3: 474 daAuts
     D:5: 239 daAuts
